 Dungeon Crawl Stone Soup version 0.27.1 (webtiles) character file.

Game seed: 17511273419745783218

670 H0rd4k the Summoner (level 7, -2/47 HPs)
             Began as a Barachi Summoner on Aug 31, 2021.
             Killed from afar by a steam dragon (17 damage)
             ... with a ball of steam
             ... on level 6 of the Dungeon.
             The game lasted 00:11:22 (6875 turns).

H0rd4k the Summoner (Barachi Summoner)              Turns: 6875, Time: 00:11:22

Health: -2/47      AC:  2    Str:  9    XL:     7   Next: 58%
Magic:  12/15      EV: 12    Int: 18    God:
Gold:   164        SH:  0    Dex: 12    Spells: 13/17 levels left

rFire    . . .     SeeInvis .   b - +0 spear (vorpal)
rCold    . . .     Faith    .   (no shield)
rNeg     . . .     Spirit   .   a - +0 robe
rPois    .         Reflect  .   (no helmet)
rElec    .         Harm     .   (no cloak)
rCorr    .         Rampage  .   (no gloves)
Will     .....                  (no boots)
Stlth    ++........             (no amulet)
HPRegen  0.15/turn              (no ring)
MPRegen  0.14/turn              (no ring)

@: unable to hop, slow
A: amphibious, slowness 1, strong legs 1, +LOS
a: Hop


You were on level 6 of the Dungeon.
You visited 2 branches of the dungeon, and saw 7 of its levels.

You collected 224 gold pieces.
You spent 60 gold pieces at shops.

Inventory:

Hand Weapons
 b - a +0 vorpal spear (weapon)
Armour
 a - a +0 robe (worn)
Scrolls
 h - 3 scrolls of identify
 i - a scroll of summoning {unknown}
 j - a scroll of fear {unknown}
 l - 2 scrolls of teleportation
 n - a scroll of immolation {unknown}
 p - a scroll of silence {unknown}
 q - a scroll of torment {unknown}
 r - a scroll of enchant weapon {unknown}
Potions
 c - 2 potions of degeneration {unknown}
 d - 2 potions of flight {unknown}
 e - 4 potions of curing {unknown}
 f - a potion of resistance {unknown}
 g - 5 potions of might {unknown}
 k - 6 potions of heal wounds {unknown}
 m - a potion of brilliance {unknown}
 o - a potion of magic {unknown}


   Skills:
 + Level 0.4 Fighting
 + Level 1.4 Polearms
 + Level 2.6 Dodging
 - Level 1.7 Stealth
 * Level 5.8 Spellcasting
 * Level 8.1 Summonings


You had 13 spell levels left.
You knew the following spells:

 Your Spells              Type           Power      Damage    Failure   Level
a - Summon Small Mammal   Summ           100%       N/A       1%          1
b - Call Canine Familiar  Summ           34%        N/A       1%          3

Your spell library contained the following spells:

 Spells                   Type           Power      Damage    Failure   Level
 Call Imp                 Summ           34%        N/A       1%          2
 Summon Guardian Golem    Hex/Summ       19%        N/A       7%          3
 Animate Skeleton         Necr           10%        N/A       12%         1
 Apportation              Tloc           10%        N/A       12%         1
 Corona                   Hex            5%         N/A       12%         1
 Summon Lightning Spire   Summ/Air       19%        N/A       22%         4
 Dazzling Flash           Conj/Hex       10%        N/A       36%         3
 Iskenderun's Mystic Bla  Conj/Tloc      5%         2d3       77%         4
 Starburst                Conj/Fire      2%         6d3       100%        6


Dungeon Overview and Level Annotations

Branches:
Dungeon (6/15)             Temple (1/1) D:4

Altars:
Ashenzari
Cheibriados
Dithmenos
Elyvilon
Gozag
Kikubaaqudgha
Makhleb
Okawaru
Ru
Sif Muna
Trog
Vehumet
Wu Jian
Xom
Zin
The Shining One

Shops:
D:5 *

Annotations:
D:3 exclusion: downstairs
D:4 1 runed translucent door, exclusions: door and scorpion, Crazy Yiuf


Innate Abilities, Weirdness & Mutations

You are amphibious.
You cover ground slowly.
You can hop short distances.
You have an extended range of vision and can be seen from far away.


Message History

Things that are here:
a +0 ring mail; a +0 war axe
Found a metallic brown potion.
k - 6 metallic brown potions (gained 1)
Found 10 gold pieces.
You now have 164 gold pieces (gained 10).
Found 16 gold pieces.
A steam dragon comes into view.
The steam dragon hisses angrily.
The steam dragon moves out of view.
The steam dragon breathes steam at you. The ball of steam hits you!
You're standing in a cloud of steam!
You're standing in a cloud of steam!
You swap places.
Your hound is engulfed in a cloud of scalding steam. x2
What are your orders? t - Croak!
Orders for allies: a - Attack new target. r - Retreat! s - Stop attacking. g - Guard the area. f - Follow me.
Anything else - Cancel.
Guard this area!
Your hound bites the steam dragon but does no damage.
The steam dragon breathes steam at you. The ball of steam hits your hound!!
Your hound dies!
Your hound's corpse disappears in a puff of smoke!
The ball of steam hits you!!
* * * LOW HITPOINT WARNING * * *
Okay, then.
Hop to where?
Press: ? - help, Dir - move target Boing!
Cast which spell? (? or * to list)
A bullfrog zombie comes into view.
You swap places.
The steam dragon breathes steam at you. The ball of steam misses your wolf.
The ball of steam hits you!
You die...

### ### #.###########.#
#..@§§..hD.Z..#
#.###########.# #h# #§#
#.# #§# ##### ##### #.#
#.D.....
....####...###.########
#.......
.......................
....§...
....####...###.########
#.......
...............#
#.....D.


There were no monsters in sight!

Vanquished Creatures
  A troll (D:5)
  2 iguanas
  An adder (D:3)
  3 dart slugs
  4 orcs
  3 ball pythons
  3 endoplasms
  2 goblins
  4 hobgoblins
  6 jackals
  2 quokkas
  4 bats
  A frilled lizard (D:1)
  2 kobolds
  4 rats (D:1)
42 creatures vanquished.

Vanquished Creatures (collateral kills)
  2 ice beasts
  2 ogres
  A centaur (D:5)
  Blork the orc (D:4)
  A bullfrog zombie (D:5)
  A bullfrog skeleton (D:5)
  An orc priest (D:6)
  An iguana (D:4)
  4 orc wizards
  A howler monkey zombie (D:4)
  An adder (D:2)
  2 worms (D:2)
  19 orcs
  3 ball pythons
  A bat (D:2)
  5 endoplasms
  A giant cockroach (D:1)
  5 goblins
  3 hobgoblins
  7 jackals
  4 frilled lizards
  2 kobolds (D:1)
  3 rats
71 creatures vanquished.

Grand Total: 113 creatures vanquished

Notes
Turn   | Place    | Note
-------+----------+-------------------------------------------
     0 | D:1      | H0rd4k the Barachi Summoner began the quest for the Orb.
     0 | D:1      | Reached XP level 1. HP: 13/13 MP: 3/3
    95 | D:1      | Reached skill level 5 in Summonings
   280 | D:1      | Reached XP level 2. HP: 12/19 MP: 0/5
   983 | D:1      | Reached XP level 3. HP: 24/24 MP: 4/7
   987 | D:1      | Learned a level 3 spell: Call Canine Familiar
  1321 | D:1      | Found a faded altar of an unknown god.
  2241 | D:2      | Noticed an ogre
  2253 | D:2      | You fall into a shaft and drop 2 floors!
  2469 | D:4      | Found a staircase to the Ecumenical Temple.
  2486 | Temple   | Entered the Ecumenical Temple
  2788 | D:4      | Reached XP level 4. HP: 12/30 MP: 5/9
  2971 | D:4      | Noticed a scorpion
  3133 | D:4      | Found a runed translucent door.
  3134 | D:4      | Noticed Crazy Yiuf
  3164 | D:4      | Noticed an ogre
  3167 | D:4      | Noticed Blork the orc
  3181 | D:4      | Killed an ogre
  3182 | D:4      | Reached skill level 6 in Summonings
  3182 | D:4      | Reached XP level 5. HP: 35/35 MP: 8/10
  3374 | D:3      | Found an iron altar of Okawaru.
  3447 | D:3      | Found a snail-covered altar of Cheibriados.
  3574 | D:3      | Found an ornate altar of the Wu Jian Council.
  4640 | D:3      | Found a radiant altar of Vehumet.
  4708 | D:4      | Found a broken altar of Ashenzari.
  4720 | D:4      | Reached skill level 1 in Polearms
  4876 | D:4      | Killed Blork the orc
  5355 | D:4      | Reached XP level 6. HP: 35/41 MP: 8/12
  5572 | D:5      | Entered Level 5 of the Dungeon
  5577 | D:5      | Found Loirhul's General Store.
  5582 | D:5      | Bought a scroll of identify for 24 gold pieces
  5582 | D:5      | Bought a scroll of teleportation for 36 gold pieces
  5856 | D:5      | Noticed an ice beast
  5875 | D:5      | Killed an ice beast
  6061 | D:5      | Reached skill level 5 in Spellcasting
  6061 | D:5      | Reached skill level 7 in Summonings
  6184 | D:5      | Reached XP level 7. HP: 28/46 MP: 4/14
  6356 | D:5      | Noticed a troll
  6378 | D:5      | Killed a troll
  6773 | D:6      | Reached skill level 8 in Summonings
  6862 | D:6      | Noticed a steam dragon
  6875 | D:6      | Killed from afar by a steam dragon

Illustrated notes

Levels and vault maps discovered:
D:1:      dpeg_arrival_tiny_c, layout_loops_ring,
          ebering_ecumenical_altar_abandoned, minmay_pentomino_z2
D:2:      layout_loops_ring, kennysheep_generic_room_11
D:3:      layout_rooms, mainiacjoe_overflow_boulevard, old_standard_altar,
          nicolae_overflow_hidden_temple
D:4:      layout_basic, cheibrodos_ashenzari_chains,
          minmay_temple_entry_offerings, uniq_crazy_yiuf_cottage,
          uniq_blork_the_orc
D:5:      layout_rooms, serial_shops, nicolae_shop_competitors_out_of_business,
          minivault_11
D:6:      layout_basic
Temple:   grunt_temple_mini_profane

Skill      XL: |  1  2  3  4  5  6  7 |
---------------+----------------------+-----
Summonings     | 5 6 7 8 |  8.1
Spellcasting   | 3 4 5 |  5.8
Polearms       | 1 |  1.4
Fighting       | |  0.4
Dodging        | |  2.6
Stealth        | |  1.7

Action                   |  1- 3 |  4- 6 |  7- 9 || total
-------------------------+-------+-------+-------++-------
Melee: Spear             |    95 |    91 |    19 ||   205
 Cast: Summon Small Mamm |    67 |    60 |    15 ||   142
       Call Canine Famil |     5 |    34 |     7 ||    46
 Abil: Hop               |     1 |     1 |     1 ||     3
 Stab: Sleeping          |     2 |       |       ||     2
       Distracted        |     3 |     1 |       ||     4
Armor: Robe              |     9 |     2 |       ||    11
Dodge: Dodged            |    49 |    43 |     6 ||    98
